 Dungeon Crawl Stone Soup version 0.31.0-9-g3a7656b989 (console) character file.

Game seed: 9564525332321669539

525 Ignak the Gusty (level 7, -12/51 HPs)
             Began as a Gnoll Air Elementalist on Jan 31, 2024.
             Killed by divine providence
             ... invoked by an orc priest
              (13 damage)
             ... on level 5 of the Dungeon.
             The game lasted 00:10:46 (3798 turns).

Ignak the Gusty (Gnoll Air Elementalist)            Turns: 3798, Time: 00:10:46

Health: -12/51     AC:  4    Str:  7    XL:     7   Next: 23%
Magic:  23/33      EV: 14    Int: 16    God:
Gold:   182        SH:  0    Dex: 13    Spells: 3/17 levels left

rFire   . . .        f - +2 short sword (venom)
rCold   . . .        (no shield)
rNeg    . . .        a - +0 robe
rPois   .            u - +0 helmet
rElec   .            (no cloak)
rCorr   .            v - +0 pair of gloves
SInv    .            (no boots)
Will    .....        (no amulet)
Stlth   +            h - ring of magical power
HPRegen 0.28/turn    p - ring of magical power
MPRegen 0.23/turn

%: no passive effects
@: on fire, on blink cooldown, glowing
A: fangs 1, strong nose, distributed training
a: no special abilities


You were on level 5 of the Dungeon.
You visited 1 branch of the dungeon, and saw 5 of its levels.

You collected 182 gold pieces.

Inventory:

Hand Weapons
 f - a +2 short sword of venom (weapon)
Missiles
 g - 17 poisoned darts (quivered)
 l - 4 throwing nets
Armour
 a - a +0 robe (worn)
 u - a +0 helmet (worn)
 v - a +0 pair of gloves (worn)
Jewellery
 h - a ring of magical power (left hand)
 p - a ring of magical power (right hand)
Wands
 q - a wand of charming (29)
 r - a wand of iceblast (8)
Scrolls
 c - a scroll of vulnerability {unknown}
 d - a scroll of amnesia {unknown}
 e - a scroll of blinking
 i - a scroll of identify
 k - a scroll of fear
 n - a scroll of teleportation {unknown}
 t - a scroll of torment {unknown}
 x - a scroll of enchant armour
Potions
 b - 2 potions of magic
 o - a potion of brilliance {unknown}
 s - 2 potions of attraction {unknown}


   Skills:
 + Level 2.4 Fighting
 + Level 2.4 Short Blades
 + Level 2.4 Long Blades
 + Level 2.4 Axes
 + Level 2.4 Maces & Flails
 + Level 2.4 Polearms
 + Level 2.4 Staves
 + Level 2.4 Ranged Weapons
 + Level 2.4 Throwing
 + Level 2.4 Armour
 + Level 5.2 Dodging
 + Level 4.9 Stealth
 + Level 2.4 Shields
 + Level 2.4 Unarmed Combat
 + Level 5.6 Spellcasting
 + Level 3.0 Conjurations
 + Level 2.0 Hexes
 + Level 2.0 Summonings
 + Level 2.0 Necromancy
 + Level 2.0 Translocations
 + Level 2.0 Fire Magic
 + Level 2.0 Ice Magic
 + Level 5.8 Air Magic
 + Level 2.0 Earth Magic
 + Level 2.0 Alchemy
 + Level 2.7 Invocations
 + Level 2.4 Evocations
 + Level 2.2 Shapeshifting


You had 3 spell levels left.
You knew the following spells:

 Your Spells              Type           Power      Damage    Failure   Level
a - Shock                 Conj/Air       72%        1d7       2%          1
b - Blink                 Tloc           22%        N/A       10%         2
c - Airstrike             Air            11%        2d(2-18)  13%         4
d - Swiftness             Air            23%        N/A       3%          3
e - Call Imp              Summ           22%        N/A       10%         2
z - Static Discharge      Conj/Air       36%        3-5/arc   3%          2

Your spell library contained the following spells:

 Spells                   Type           Power      Damage    Failure   Level
 Magic Dart               Conj           56%        1d5       4%          1
 Jinxbite                 Hex            22%        N/A       10%         2
 Vhi's Electric Charge    Tloc/Air       34%        N/A       28%         4
 Arcjolt                  Conj/Air       9%         1d19      54%         5
 Yara's Violent Unravell  Hex/Alch       5%         3d4       86%         5
 Plasma Beam              Fire/Air       8%         2x1d19    99%         6
 Enfeeble                 Hex            5%         N/A       100%        7


Dungeon Overview and Level Annotations

Branches:
Dungeon (5/15)
 Temple: D:4-7

Altars:
Dithmenos
Uskayaw

Portals:
Sewer: D:5


Innate Abilities, Weirdness & Mutations

You have very sharp teeth.
Your uncanny sense of smell can sniff out nearby items.
Your experience applies equally to all skills.


Message History

Your Translocations skill increases to level 2!
Your Fire Magic skill increases to level 2!
Your Ice Magic skill increases to level 2!
Your Earth Magic skill increases to level 2!
Your Alchemy skill increases to level 2!
Unknown command.
You enter the shallow water.
Moving in this stuff is going to be slow.
You hear the rusting of a drain.
You hear the hiss of a very distant avalanche of sand.
Press: ? - help, v - describe, . - travel
Here: an ogre, wielding a +0 giant spiked club Some shallow water.
Casting: Static Discharge (safe; 3% risk of failure)
Confirm with . or Enter, or press ? or * to list all spells.
You blink.
Splash!
There is an open door here.
You feel ready to blink again.
The bombardier beetle sprays incendiary fluid at you.
The burning spray hits you.
You are covered in liquid fire!
You shake off some of the fire as you move.
The liquid fire burns you!
* * * LOW HITPOINT WARNING * * *
Press: ? - help, v - describe, . - travel
Here: an ogre, wielding a +0 giant spiked club The floor.
Casting: Blink (safe; 10% risk of failure)
Confirm with . or Enter, or press ? or * to list all spells.
You blink.
Found a lumpy orange potion.
The liquid fire burns you!
* * * LOW HITPOINT WARNING * * *
The orc priest shouts!
The orc shouts!
You hear a shout! x2
An orc comes into view. It is wielding a +0 club.
The liquid fire burns you!
* * * LOW HITPOINT WARNING * * *
The orc priest invokes the aid of Beogh against you.
Beogh smites you!
You die...

***** #...* *******
#.!.* **,,,,,**
#..#* ***,,*+*,,*
#..###***,,,**,**,*
#...o,,,,,,,*,,,*,,
#.oo*****,.#******,
#.B#* **.#∆,,,,*,
#>@## *..*,,,,,+,
#...# ###.*********
#(O.# #...#,,,,,,,*
#<.## #.#.+∆,,,,,,*
#..####.#.#,,,,,,,*
#.........##*******
#...###.#..#,,,,,+,
#..## #.#..#∆,,,,*,
##'###
#.#..##*****,


You could see an ogre, a bombardier beetle, an orc priest and 2 orcs.

Vanquished Creatures
  A phantom (D:5)
  A hound (D:5)
  3 orc priests (D:3)
  3 orc wizards
  Natasha (thrice) (D:2)
  4 gnolls
  5 adders
  2 dart slugs
  12 orcs
  6 bats
  4 endoplasms
  2 giant cockroaches
  2 goblins
  5 hobgoblins
  4 jackals (D:1)
  11 kobolds
  5 quokkas
  5 ball pythons
  6 frilled lizards
  9 rats
93 creatures vanquished.

Notes
Turn   | Place    | Note
-------+----------+-------------------------------------------
     0 | D:1      | Ignak the Gnoll Air Elementalist began the quest for the
                  | Orb.
     0 | D:1      | Reached XP level 1. HP: 13/13 MP: 6/6
   158 | D:1      | Reached XP level 2. HP: 19/19 MP: 5/7
   163 | D:1      | Learned a level 2 spell: Static Discharge
   483 | D:1      | Reached skill level 5 in Spellcasting
   483 | D:1      | Reached XP level 3. HP: 25/25 MP: 4/9
   488 | D:1      | Learned a level 3 spell: Swiftness
   532 | D:1      | You fall into a shaft and drop 1 floor!
   701 | D:1      | Reached skill level 1 in Invocations
   920 | D:2      | Reached skill level 1 in Fighting
   920 | D:2      | Reached skill level 1 in Short Blades
   920 | D:2      | Reached skill level 1 in Long Blades
   920 | D:2      | Reached skill level 1 in Axes
   920 | D:2      | Reached skill level 1 in Maces & Flails
   920 | D:2      | Reached skill level 1 in Polearms
   920 | D:2      | Reached skill level 1 in Staves
   920 | D:2      | Reached skill level 1 in Ranged Weapons
   920 | D:2      | Reached skill level 1 in Throwing
   920 | D:2      | Reached skill level 1 in Armour
   920 | D:2      | Reached skill level 1 in Shields
   920 | D:2      | Reached skill level 1 in Unarmed Combat
   920 | D:2      | Reached skill level 1 in Evocations
  1087 | D:2      | Reached skill level 1 in Shapeshifting
  1087 | D:2      | Reached XP level 4. HP: 32/32 MP: 11/11
  1098 | D:2      | Learned a level 4 spell: Airstrike
  1178 | D:2      | Noticed Natasha
  1183 | D:2      | Killed Natasha
  1184 | D:2      | Reached skill level 1 in Hexes
  1184 | D:2      | Reached skill level 1 in Summonings
  1184 | D:2      | Reached skill level 1 in Necromancy
  1184 | D:2      | Reached skill level 1 in Translocations
  1184 | D:2      | Reached skill level 1 in Fire Magic
  1184 | D:2      | Reached skill level 1 in Ice Magic
  1184 | D:2      | Reached skill level 1 in Earth Magic
  1184 | D:2      | Reached skill level 1 in Alchemy
  1289 | D:2      | Noticed Natasha
  1292 | D:2      | Killed Natasha
  1359 | D:2      | Noticed Natasha
  1363 | D:2      | Killed Natasha
  1364 | D:2      | Reached XP level 5. HP: 30/37 MP: 12/12
  1815 | D:3      | Found a faded altar of an unknown god.
  2363 | D:3      | Reached XP level 6. HP: 44/44 MP: 13/13
  2379 | D:3      | Reached skill level 5 in Dodging
  2741 | D:4      | HP: 2/44 [gnoll/+0 halberd (7)]
  3029 | D:4      | Learned a level 2 spell: Blink
  3032 | D:4      | Learned a level 2 spell: Call Imp
  3088 | D:4      | Found a hide-covered altar of Uskayaw.
  3549 | D:5      | Entered Level 5 of the Dungeon
  3696 | D:5      | Reached XP level 7. HP: 50/50 MP: 15/15
  3701 | D:5      | Found a shadowy altar of Dithmenos.
  3701 | D:5      | Found a glowing drain.
  3798 | D:5      | HP: 1/51 [burnt (6)]
  3798 | D:5      | Killed from afar by an orc priest

Illustrated notes

Levels and vault maps discovered:
D:1:      giann_horns, layout_rooms, lexackson_kobold_supper
D:2:      layout_loops_cross, nrook_mini_vaults, uniq_natasha
D:3:      layout_basic, basic_ecumenical_altar, kennysheep_generic_room_6
D:4:      layout_cave_pools, mainiacjoe_overflow_alcove_2
D:5:      minmay_general_purpose_star, layout_gridville,
          grunt_dithmenos_smoke_and_mirrors, portal_sewer_entry_d,
          nicolae_ossuary_entry_giza, minmay_divided_ellipse

Skill      XL: |  1  2  3  4  5  6  7 |
---------------+----------------------+-----
Conjurations   | 2 3 |  3.0
Spellcasting   | 5 |  5.6
Invocations    | 1 2 |  2.7
Fighting       | 1 2 |  2.4
Short Blades   | 1 2 |  2.4
Long Blades    | 1 2 |  2.4
Axes           | 1 2 |  2.4
Maces & Flails | 1 2 |  2.4
Polearms       | 1 2 |  2.4
Staves         | 1 2 |  2.4
Ranged Weapons | 1 2 |  2.4
Throwing       | 1 2 |  2.4
Armour         | 1 2 |  2.4
Shields        | 1 2 |  2.4
Unarmed Combat | 1 2 |  2.4
Evocations     | 1 2 |  2.4
Shapeshifting  | 1 2 |  2.2
Hexes          | 1 2 |  2.0
Summonings     | 1 2 |  2.0
Necromancy     | 1 2 |  2.0
Translocations | 1 2 |  2.0
Fire Magic     | 1 2 |  2.0
Ice Magic      | 1 2 |  2.0
Earth Magic    | 1 2 |  2.0
Alchemy        | 1 2 |  2.0
Dodging        | 5 |  5.2
Stealth        | |  4.9
Air Magic      | |  5.8

Action                     |  1- 3 |  4- 6 |  7- 9 || total
---------------------------+-------+-------+-------++-------
  Melee: Unarmed           |    11 |       |       ||    11
         Bite              |     7 |     8 |       ||    15
         Short sword       |    35 |    74 |     2 ||   111
         Punch             |     1 |       |       ||     1
   Cast: Shock             |    56 |    34 |       ||    90
         Static Discharge  |       |     5 |     7 ||    12
         Airstrike         |       |     3 |       ||     3
         Blink             |       |     2 |     3 ||     5
  Evoke: Wand              |       |       |     3 ||     3
    Use: Scroll            |       |     2 |     4 ||     6
         Potion            |       |     1 |     1 ||     2
   Stab: Sleeping          |     2 |     8 |       ||    10
 Armour: Robe              |    23 |    44 |    21 ||    88
  Dodge: Dodged            |    29 |    59 |    15 ||   103
